 Dungeon Crawl Stone Soup version 0.26.0-15-gc6cd9f700b (webtiles) character file.

Game seed: 3951461790460290326

3076 Jerry the Cudgeller (level 9, -1/92 HPs)
             Began as a Troll Fighter on Jan 16, 2021.
             Slain by a bullfrog (6 damage)
             ... on level 7 of the Dungeon.
             The game lasted 00:24:06 (6358 turns).

Jerry the Cudgeller (Troll Fighter)                 Turns: 6358, Time: 00:24:06

Health: -1/92      AC:  8    Str: 26    XL:     9   Next: 58%
Magic:  8/8        EV:  9    Int:  7    God:
Gold:   346        SH: 10    Dex:  9    Spells: 5/8 levels left

rFire    . . .     SeeInvis .   A - +5 mace
rCold    . . .     Faith    .   c - +0 kite shield
rNeg     . . .     Spirit   .   b - +0 robe
rPois    .         Reflect  .   (helmet restricted)
rElec    .         Harm     .   p - +1 cloak
rCorr    .         Rampage  .   (gloves unavailable)
Will     .....                  (boots unavailable)
Stlth    +.........             (no amulet)
HPRegen  0.65/turn              (no ring)
MPRegen  0.11/turn              (no ring)

@: no status effects
A: large, unfitting armour, claws 3, regeneration 1, shaggy fur 1, tough skin 3
a: no special abilities


You were on level 7 of the Dungeon.
You visited 1 branch of the dungeon, and saw 7 of its levels.
You also visited: Sewer and Ossuary.

You collected 346 gold pieces.

Inventory:

Hand Weapons
 a - a +1 flail
 e - a +0 giant spiked club
 A - a +5 mace (weapon)
Missiles
 s - 2 throwing nets (quivered)
Armour
 b - a +0 robe (worn)
 c - a +0 kite shield (worn)
 p - a +1 cloak (worn)
Jewellery
 i - an uncursed ring of fire
Wands
 v - a wand of digging (17)
 w - a wand of random effects (15)
Scrolls
 d - 2 scrolls of blinking {unknown}
 f - a scroll of identify
 h - 6 scrolls of remove curse
 m - 5 scrolls of enchant armour
 o - a scroll of fog
 t - 5 scrolls of teleportation
 u - 2 scrolls of fear
 B - a scroll of magic mapping
Potions
 g - 3 potions of cancellation
 j - a potion of berserk rage {unknown}
 k - 2 potions of heal wounds {unknown}
 l - 4 potions of curing
 n - 4 potions of attraction {unknown}
 q - 2 potions of resistance
 r - a potion of lignification
 x - a potion of mutation {unknown}
 z - 6 potions of brilliance {unknown}


   Skills:
 + Level 6.9 Fighting
 + Level 7.3 Maces & Flails
 - Level 2.4 Dodging
 + Level 6.9 Shields


You had 5 spell levels left.
You knew the following spells:

 Your Spells              Type           Power        Failure   Level
a - Confusing Touch       Hex            0%           91%         3

Your spell library contained the following spells:

 Spells                   Type           Power        Failure   Level
 Corona                   Hex            0%           56%         1
 Ensorcelled Hibernation  Hex/Ice        0%           71%         2
 Dazzling Flash           Conj/Hex       0%           91%         3
 Tukima's Dance           Hex            0%           91%         3


Dungeon Overview and Level Annotations

Branches:
Dungeon (7/15)              Sewer (visited)         Ossuary (visited)
 Temple: D:4-7

Altars:
Qazlal
Sif Muna
Trog
Wu Jian
Xom
Zin
The Shining One

Shops:
D:7 [


Innate Abilities, Weirdness & Mutations

You are too large for most types of armour.
You have claws for hands.
Your natural rate of healing is unusually fast.
You are covered in fur. (AC +1)
You have extremely tough skin. (AC +3)


Message History

The black bear bites you.
* * * LOW HITPOINT WARNING * * *
You block the black bear's attack.
The black bear claws you but does no damage.
You closely miss the black bear.
The black bear is severely wounded.
The black bear goes berserk!
You hit the black bear.
The black bear is almost dead.
The black bear bites you.
* * * LOW HITPOINT WARNING * * *
You block the black bear's attack. The black bear claws you.
* * * LOW HITPOINT WARNING * * *
You hit the black bear.
You kill the black bear!
The bullfrog hits you.
* * * LOW HITPOINT WARNING * * *
You hit the bullfrog but do no damage. You block the bullfrog's attack.
The bullfrog hits you.
You die...

#....... #..#.
+.......!..+ #....
....######+#.
..#........##
#######...........#
#.#.#.#............ #.
#^^^^^#............
#...#########..........
#...'F@...+.#F# .....
##+.#########....#....#
#^^^^^#......#>...
#.#.#.#.#....#...
#######.######.. ..#
... ...


You could see a bullfrog.

Vanquished Creatures
  A troll (D:7)
  Grinder (D:5)
  Prince Ribbit (D:5)
  Eustachio (D:5)
  A black bear (D:7)
  A sky beast (D:7)
  2 phantoms
  3 ogres
  3 centaurs
  An elf zombie (Ossuary)
  A bullfrog (D:6)
  A scorpion (D:6)
  5 wights (D:6)
  A hound (D:4)
  A human zombie (Ossuary)
  4 orc wizards
  A centaur skeleton (D:5)
  2 centaur zombies (Ossuary)
  2 jellies (D:5)
  2 bullfrog skeletons (D:5)
  3 orc priests
  Crazy Yiuf (D:5)
  An iguana (D:5)
  Ijyb (D:4)
  5 worker ants
  Natasha (thrice) (D:3)
  3 mummies
  2 worker ant zombies
  8 adders
  A river rat (Sewer)
  A shadow imp (D:5)
  3 white imps
  2 adder zombies
  A worm (D:3)
  2 dart slugs
  6 leopard geckos
  21 orcs
  5 ball pythons
  8 giant cockroaches
  12 goblins
  13 hobgoblins
  7 jackals
  A quokka (D:3)
  8 bats
  11 frilled lizards
  4 goblin zombies
  12 hobgoblin zombies (Ossuary)
  A jackal zombie (Ossuary)
  10 kobolds
  6 kobold zombies (Ossuary)
  10 orc zombies (Ossuary)
  14 rats
  A rat zombie (Ossuary)
222 creatures vanquished.

Notes
Turn   | Place    | Note
-------+----------+-------------------------------------------
     0 | D:1      | Jerry the Troll Fighter began the quest for the Orb.
     0 | D:1      | Reached XP level 1. HP: 22/22 MP: 0/0
    77 | D:1      | Reached skill level 2 in Maces & Flails
    90 | D:1      | Reached XP level 2. HP: 29/29 MP: 1/1
   536 | D:1      | Reached XP level 3. HP: 36/36 MP: 2/2
   790 | D:2      | Found a faded altar of an unknown god.
   947 | D:2      | Reached XP level 4. HP: 42/45 MP: 3/3
  1023 | D:2      | Found a shimmering altar of Xom.
  1429 | D:3      | Reached skill level 3 in Maces & Flails
  1429 | D:3      | Reached XP level 5. HP: 53/53 MP: 4/4
  1480 | D:3      | Found a bloodstained altar of Trog.
  1663 | D:3      | Found an ornate altar of the Wu Jian Council.
  1708 | D:3      | Noticed Natasha
  1742 | D:3      | Killed Natasha
  1946 | D:3      | Noticed Natasha
  1954 | D:3      | Killed Natasha
  1995 | D:3      | Noticed Natasha
  2002 | D:3      | Killed Natasha
  2003 | D:3      | Reached XP level 6. HP: 62/62 MP: 5/5
  2354 | D:4      | Reached skill level 4 in Maces & Flails
  2384 | D:4      | Found a glowing golden altar of the Shining One.
  2395 | D:4      | Found a shimmering blue altar of Sif Muna.
  2399 | D:4      | Found a glowing silver altar of Zin.
  2556 | D:4      | Noticed Ijyb
  2587 | D:4      | Killed Ijyb
  2604 | D:4      | Reached XP level 7. HP: 70/70 MP: 6/6
  2759 | D:4      | Learned a level 3 spell: Confusing Touch
  3190 | D:5      | Entered Level 5 of the Dungeon
  3423 | D:5      | Reached skill level 5 in Maces & Flails
  3486 | D:5      | Reached skill level 5 in Shields
  3563 | D:5      | Reached skill level 5 in Fighting
  3570 | D:5      | Reached XP level 8. HP: 75/80 MP: 7/7
  3604 | D:5      | Noticed Prince Ribbit
  3739 | D:5      | Found a sand-covered staircase.
  3762 | Ossuary  | Entered an ossuary
  4245 | D:5      | Killed Prince Ribbit
  4319 | D:5      | Noticed Eustachio
  4350 | D:5      | Killed Eustachio
  4351 | D:5      | Reached skill level 6 in Maces & Flails
  4370 | D:5      | Found a runed translucent door.
  4371 | D:5      | Noticed Crazy Yiuf
  4381 | D:5      | Killed Crazy Yiuf
  5070 | D:6      | Noticed Grinder
  5095 | D:6      | Paralysed by Grinder for 2 turns
  5121 | D:5      | Paralysed by Grinder for 4 turns
  5140 | D:5      | Killed Grinder
  5141 | D:5      | Reached XP level 9. HP: 52/89 MP: 8/8
  5259 | D:6      | Found a glowing drain.
  5263 | Sewer    | Entered a sewer
  5885 | D:7      | Noticed a troll
  5898 | D:7      | Killed a troll
  5899 | D:7      | Reached skill level 7 in Maces & Flails
  5991 | D:7      | Found a stormy altar of Qazlal.
  6179 | D:7      | Found Buisuack's Antique Armour Emporium.
  6266 | D:7      | Noticed a five-headed hydra
  6281 | D:7      | HP: 4/92 [five-headed hydra (12)]
  6347 | D:7      | HP: 1/92 [ogre/+0 giant spiked club (21)]
  6358 | D:7      | Slain by a bullfrog

Illustrated notes

Levels and vault maps discovered:
D:1:      mrwooster_arrival_arrow, layout_loops_ring, minmay_heptomino_l4
D:2:      layout_rooms, lemuel_coloured_pillars_altar,
          chequers_ecumenical_altar_simple_redux, corexii_corridor_pit
D:3:      layout_basic, nicolae_overflow_hidden_temple, trog_hazing_becter,
          uniq_natasha
D:4:      layout_loops_ring, minmay_overflow_temple_star_quad, serial_rivers,
          chequers_serial_rivers_room_a, chequers_serial_rivers_small_3,
          chequers_serial_rivers_room_b, chequers_serial_rivers_room_b,
          chequers_serial_rivers_small_a, uniq_ijyb
D:5:      layout_rooms, nicolae_ossuary_entry_giza, uniq_crazy_yiuf_cottage,
          uniq_eustachio, uniq_prince_ribbit1
D:6:      layout_loops_cross, gup_sewer_entry_bowl, uniq_grinder
D:7:      cheibrodos_quashed, layout_gridville, lemuel_round_altar,
          minmay_temple_entry_drinking_statues, minmay_shop_grid_forest,
          minmay_misc_feat_doors, grunt_tough_drop

Skill      XL: |  1  2  3  4  5  6  7  8  9 |
---------------+----------------------------+-----
Maces & Flails | 2 3 4 5 6 7 |  7.3
Fighting       | 3 4 5 6 |  6.9
Shields        | 3 4 5 6 |  6.9
Dodging        | |  2.4

Action                   |  1- 3 |  4- 6 |  7- 9 || total
-------------------------+-------+-------+-------++-------
Melee: Flail             |   144 |   246 |   471 ||   861
       Mace              |       |       |    48 ||    48
Evoke: Wand              |       |       |     6 ||     6
  Use: Potion            |       |     1 |     4 ||     5
       Scroll            |       |     1 |    13 ||    14
Armor: Robe              |    63 |   112 |   137 ||   312
       Skin              |       |       |    36 ||    36
Dodge: Dodged            |    48 |    82 |   168 ||   298
Block: Kite shield       |    86 |   123 |   247 ||   456
